 Dungeon Crawl Stone Soup version 0.22-a0-558-gc224181 (webtiles) character file.

0 glosham the Skirmisher (level 1, 0/18 HPs)
             Began as a Mummy Abyssal Knight on June 26, 2018.
             Was a Follower of Lugonu.
             Slain by an ufetubus (1 damage)
             ... summoned by a ynoxinul
             ... on level 2 of the Abyss.
             The game lasted 00:01:52 (89 turns).

glosham the Skirmisher (Mummy Abyssal Knight)         Turns: 89, Time: 00:01:53

Health: 0/18       AC:  3    Str: 15    XL:     1   Next: 0%
Magic:  2/2        EV: 11    Int: 11    God:    Lugonu [*.....]
Gold:   35         SH:  0    Dex: 11    Spells: 0/0 levels left

rFire    x . .     SeeInvis .   a - +1 hand axe
rCold    + . .     Gourm    .   (no shield)
rNeg     + + +     Faith    .   b - +0 leather armour
rPois    ∞         Spirit   .   (no helmet)
rElec    .         Reflect  .   (no cloak)
rCorr    .         Harm     .   (no gloves)
MR       .....                  (no boots)
Stlth    +.........             (no amulet)
HPRegen  0.06/turn              (no ring)
MPRegen  0.08/turn              (no ring)

@: no status effects
A: no food or potions, fire vulnerability, cold resistance 1, negative energy
resistance 3, torment resistance, unbreathing
a: Depart the Abyss, Renounce Religion


You were on level 2 of the Abyss.
You worshipped Lugonu.
Lugonu was aware of your devotion.
You were not hungry.

You visited 0 branches of the dungeon, and saw 0 of its levels.
You visited the Abyss 1 time.

You collected 35 gold pieces.

Inventory:

Hand Weapons
 a - a +1 hand axe (weapon)
Armour
 b - a +0 leather armour (worn)


   Skills:
 - Level 3.0 Fighting
 - Level 1.5 Axes
 - Level 1.5 Armour
 - Level 0.7 Dodging
 * Level 0.0 Stealth
 - Level 1.5 Invocations


You couldn't memorise any spells.
You didn't know any spells.
Your spell library was empty.

Dungeon Overview and Level Annotations

Branches:
Dungeon (0/15)

Altars:


Innate Abilities, Weirdness & Mutations

You do not eat or drink.
Your flesh is vulnerable to fire.
You are immune to poison.
Your flesh is cold resistant. (rC+)
You are immune to negative energy. (rN+++)
You are immune to unholy pain and torment.
You can survive without breathing.


Message History

Found 20 stones.
Found a cyan potion.
Found 35 gold pieces.
You see here 35 gold pieces.
You now have 35 gold pieces.
A tentacled starspawn comes into view.
A chaos spawn comes into view.
The chaos spawn roars!
An eye of devastation comes into view.
The chaos spawn briefly grows a face disturbingly similar to your own.
The chaos spawn barely misses you. The chaos spawn closely misses you.
A ynoxinul comes into view.
The ynoxinul bellows!
The ynoxinul gestures.
A tentacled starspawn comes into view.
The ufetubus shouts! x2
A tentacle flies out from the starspawn's body!
A starspawn tentacle comes into view.
The ufetubus barely misses you. x2
Tentacles burst from the starspawn's body!
The ufetubus barely misses you. The ufetubus hits you.
The ufetubus hits you but does no damage.
The ufetubus barely misses you. 2 starspawn tentacles come into view.
The starspawn tentacle closely misses you.
The starspawn tentacle moves out of view.
The ufetubus hits you. x2; The starspawn tentacle grabs you.
The starspawn tentacle constricts you.
You escape the starspawn tentacle's grasp.
The ufetubus hits you. The ufetubus barely misses you. The ufetubus hits you.
The ufetubus misses you. The ufetubus closely misses you.
The ufetubus hits you.
* * * LOW HITPOINT WARNING * * *
The starspawn tentacle grabs you.
* * * LOW HITPOINT WARNING * * *
The starspawn tentacle constricts you.
You escape the starspawn tentacle's grasp.
The ufetubus misses you. The ufetubus hits you.
You die...

#...##..#.# 3.
...# ..##.. ###3
##...#│.. ## ####
######.##.#. #..
###.#....# ...#
#.#.3...##
...##..5X#..#
.#.##..##.│...##
........5/........
.......@w...X§.#.#
.##..##..##§.##...
#. #..##..# #..
####.### .


You could see a tentacled starspawn, a large abomination (wandering), a
ynoxinul, a starspawn tentacle and 2 ufetubi.

Vanquished Creatures (others)
  3 starspawn tentacles (Abyss:2)
3 creatures vanquished.

Notes
Turn   | Place    | Note
-------+----------+-------------------------------------------
     0 | Abyss:1  | glosham the Mummy Abyssal Knight began the quest for the Orb.
     0 | Abyss:1  | Reached XP level 1. HP: 18/18 MP: 2/2
     2 | Abyss:1  | Found a corrupted altar of Lugonu.
    16 | Abyss:2  | Noticed a small abomination
    25 | Abyss:2  | Found a corrupted altar of Lugonu.
    54 | Abyss:2  | Noticed a tentacled starspawn
    59 | Abyss:2  | Noticed a chaos spawn
    63 | Abyss:2  | Noticed an eye of devastation
    77 | Abyss:2  | Noticed a ynoxinul
    79 | Abyss:2  | Noticed a tentacled starspawn
    88 | Abyss:2  | HP: 1/18 [starspawn tentacle[a tentacled starspawn] (2)]
    89 | Abyss:2  | Noticed a large abomination
    89 | Abyss:2  | Slain by an ufetubus

Vault maps used:
Abyss:2:  evilmike_abyss_exit_1

Action                   || total
-------------------------++-------
  Use: Scroll            ||     1
Armor: Leather armour    ||     1
Dodge: Dodged            ||    11

Table legend:
 A = Spawn XP
 B = Non-spawn XP
 C = Spawn XP percentage of total XP
 D = Spawn monster count
 E = Non-spawn monster count
 F = Spawn count percentage of total count
 G = Total turns spent on level
                    A         B        C        D         E        F      G
               +---------+---------+-------+---------+---------+-------+---------
         Total |       0 |       0 |   N/A |       0 |       0 |   N/A |    89
               +---------+---------+-------+---------+---------+-------+---------
               +---------+---------+-------+---------+---------+-------+---------

Table legend:
 A = Turns spent in this place as a percentage of turns spent in the entire game.
 B = Non-inter-level travel turns spent in this place as a percentage of non-inter-level travel turns spent in the entire game.
 C = Inter-level travel turns spent in this place as a percentage of turns spent in this place.
 D = Turns resting spent in this place as a percentage of non-inter-level travel turns spent in this place.
 E = Turns spent auto-exploring this place as a percentage of non-inter-level travel turns spent in this place.
 F = Non-inter-level travel turns spent in this place divided by the number of levels of this place that you've seen.
                   A       B       C       D       E      F
               +-------+-------+-------+-------+-------+----------------------
         Total | 100.0 | 100.0 |   0.0 |   0.0 |   0.0 |  44.5
         Abyss | 100.0 | 100.0 |   0.0 |   0.0 |   0.0 |  44.5
               +-------+-------+-------+-------+-------+----------------------

Vault maps used:
Abyss:2:  evilmike_abyss_exit_1
